 Dungeon Sprint DCSS version 0.19.1 (webtiles) character file.

434 Kikal the Cleaver (level 7, -1/73 HPs)
             Began as a Hill Orc Monk on Dec 2, 2016.
             Was the Champion of Zin.
             Slain by Sonja
             ... wielding a +2 dagger of distortion
              (7 damage)
             ... in the Dungeon (Sprint I: "Red Sonja").
             The game lasted 00:04:28 (873 turns).

Kikal the Cleaver (Hill Orc Monk)                    Turns: 873, Time: 00:04:31

Health: -1/73      AC:  7    Str: 17    XL:     7   Next: 0%
Magic:  7/7        EV: 12    Int: 11    God:    Zin [******]
Gold:   278        SH:  0    Dex: 14    Spells: 0 memorised, 6 levels left

rFire  . . .     SeeInvis .     a - +0 hand axe
rCold  . . .     Gourm    .     h - +0 scale mail
rNeg   . . .     Faith    .     (no shield)
rPois  ∞         Spirit   .     (no helmet)
rElec  .         Reflect  .     (no cloak)
rCorr  .         Harm     .     (no gloves)
MR     .....     NoTele   +     (no boots)
Stlth  ..........               (no amulet)
                                (no ring)
                                (no ring)

@: vitalised, very slightly contaminated, hasted (expiring), very quick
A: no striking features
a: Recite, Vitalisation, Imprison, Sanctuary, Donate Gold, Cure All Mutations,
Renounce Religion


You were in the Dungeon.
You worshipped Zin.
Zin was exalted by your worship.
You were not hungry.

You visited 1 branch You collected 308 gold pieces.
You donated 30 gold pieces to Zin.

Inventory:

Hand Weapons
 a - a +0 hand axe (weapon)
Armour
 b - a +0 robe
 h - a +0 scale mail (worn)
Scrolls
 i - a scroll of blinking
Potions
 g - 2 potions of magic
Comestibles
 c - a bread ration


   Skills:
 - Level 10.7 Fighting
 - Level 11.5 Axes
 - Level 7.3 Armour
 - Level 4.2 Dodging
 - Level 1.5 Stealth
 + Level 0.0 Invocations


You had 6 spell levels left.
You didn't know any spells.

Dungeon Overview and Level Annotations

Branches:
Dungeon (1/1)

Altars:
Cheibriados
Dithmenos
Elyvilon
Fedhas
Gozag
Hepliaklqana
Kikubaaqudgha
Nemelex Xobeh
Okawaru
Qazlal
Ru
Sif Muna
Trog
Uskayaw
Vehumet
Yredelemnul
Zin
The Shining One

Shops:
D *

Annotations:
D Sonja


Message History

Which direction?
There isn't anything that you can close there!
Which direction?
You close the door.
There is an open door here.
You close the door.
You start resting.
Your extra speed is starting to run out.
You start resting.
Sonja, the Graceful Assassin opens the door.
She is wielding a blowgun.
Sonja shoots a curare-tipped needle.
The curare-tipped needle hits you.
You see here a curare-tipped needle.
Sonja unwields an uncursed blowgun.
Sonja wields an uncursed dagger of distortion.
Its appearance distorts for a moment.
Sonja closely misses you.
Sonja hits you with an uncursed dagger of distortion.
* * * LOW HITPOINT WARNING * * *
You feel a strange sense of stasis. Sonja hits you but does no damage.
Space bends around you.
You die...

################
#<.#..)..#..'..#
#..').#..K).#..+
#..#####@#####+#
#..####.(#...#(# ##
#..#__####.K##)#§§§
#..#_____##'#..+§§
#⌠⌠#_.∩...'.K._#≈§
####_..__##_(#'# +
#_____###(#.#
####### #.### +$.$+


You could see Sonja (dazed).

Vanquished Creatures
  Sigmund (D)
  A yak (D)
  An ogre (D)
  A jelly (D)
  Ijyb (D)
5 creatures vanquished.

Notes
Turn   | Place    | Note
-------+----------+-------------------------------------------
     0 | D        | Kikal the Hill Orc Monk began the quest for the Orb.
     0 | D        | Reached XP level 1. HP: 19/19 MP: 1/1
     2 | D        | Noticed Ijyb
    13 | D        | Killed Ijyb
    13 | D        | Reached skill level 6 in Axes
    13 | D        | Reached XP level 2. HP: 15/30 MP: 2/2
    13 | D        | Reached XP level 3. HP: 19/37 MP: 3/3
   165 | D        | Noticed an ogre
   171 | D        | Killed an ogre
   171 | D        | Reached skill level 8 in Axes
   171 | D        | Reached XP level 4. HP: 40/48 MP: 4/4
   291 | D        | Noticed Sigmund
   298 | D        | Killed Sigmund
   298 | D        | Reached skill level 10 in Fighting
   298 | D        | Reached skill level 11 in Axes
   298 | D        | Reached XP level 5. HP: 42/59 MP: 5/5
   298 | D        | Reached XP level 6. HP: 48/67 MP: 6/6
   400 | D        | Found a deep blue altar of Sif Muna.
   402 | D        | Found a radiant altar of Vehumet.
   632 | D        | Found Qaidim's Assorted Antiques.
   632 | D        | Found an ancient bone altar of Kikubaaqudgha.
   632 | D        | Found a hazy altar of Hepliaklqana.
   632 | D        | Found a stormy altar of Qazlal.
   632 | D        | Found a hide-covered altar of Uskayaw.
   632 | D        | Found a blossoming altar of Fedhas.
   632 | D        | Found a bloodstained altar of Trog.
   632 | D        | Found an iron altar of Okawaru.
   632 | D        | Found a basalt altar of Yredelemnul.
   632 | D        | Found a glowing golden altar of the Shining One.
   632 | D        | Found a snail-covered altar of Cheibriados.
   632 | D        | Found a sacrificial altar of Ru.
   632 | D        | Found a glowing silver altar of Zin.
   632 | D        | Found a shadowy altar of Dithmenos.
   632 | D        | Found a white marble altar of Elyvilon.
   632 | D        | Noticed a yak
   652 | D        | Killed a yak
   652 | D        | Reached XP level 7. HP: 44/73 MP: 7/7
   782 | D        | Found an opulent altar of Gozag.
   783 | D        | Found a sparkling altar of Nemelex Xobeh.
   790 | D        | Became a worshipper of Zin the Law-Giver
   790 | D        | Reached * piety under Zin
   790 | D        | Reached ** piety under Zin
   790 | D        | Reached *** piety under Zin
   790 | D        | Reached **** piety under Zin
   790 | D        | Reached ***** piety under Zin
   790 | D        | Reached ****** piety under Zin
   818 | D        | Noticed Sonja
   832 | D        | HP: 2/73 [Sonja/uncursed dagger of distortion (5)]
   873 | D        | Slain by Sonja

Skill      XL: |  1  2  3  4  5  6 |
---------------+-------------------+-----
Fighting       | 6 7 10 | 10.7
Axes           | 6 8 11 | 11.5
Dodging        | 4 |  4.2
Armour         | 7 |  7.3
Stealth        | |  1.5

Action                   |  1- 3 |  4- 6 |  7- 9 || total
-------------------------+-------+-------+-------++-------
Melee: Hand axe          |    15 |    34 |    11 ||    60
Invok: Recite            |       |       |     1 ||     1
       Vitalisation      |       |       |     1 ||     1
  Use: Potion            |     1 |       |     3 ||     4
Armor: Scale mail        |       |     1 |    10 ||    11
Dodge: Dodged            |     7 |    13 |    10 ||    30
